 Dungeon Crawl Stone Soup version 0.25-a0-589-g1e14c549ee (webtiles) character file.

Game seed: 1549637189499282822, levelgen mode: deterministic

343 Kohma the Skirmisher (level 6, -1/52 HPs)
             Began as a Demonspawn Gladiator on Mar 11, 2020.
             Slain by Crazy Yiuf
             ... wielding a +2 quarterstaff of chaos
              (3 damage)
             ... while petrified by Crazy Yiuf
             ... on level 3 of the Dungeon.
             The game lasted 00:07:11 (3046 turns).

Kohma the Skirmisher (Demonspawn Gladiator)         Turns: 3046, Time: 00:07:12

Health: -1/52      AC:  5    Str: 14    XL:     6   Next: 31%
Magic:  6/6        EV:  2    Int: 11    God:
Gold:   139        SH:  0    Dex: 15    Spells: 5/5 levels left

rFire    . . .     SeeInvis .   a - +0 long sword
rCold    . . .     Gourm    .   (no shield)
rNeg     + + +     Faith    .   b - +0 leather armour
rPois    ∞         Spirit   .   m - +2 hat
rElec    .         Reflect  .   (no cloak)
rCorr    .         Harm     .   (no gloves)
MR       .....                  (no boots)
Stlth    +.........             (no amulet)
HPRegen  0.17/turn              (no ring)
MPRegen  0.10/turn              (no ring)

@: agile, lethally poisoned (-1 -> -1), petrified, lightly drained
A: talons 1, large bone plates 1, rot immunity
a: no special abilities


You were on level 3 of the Dungeon.
You were not hungry.

You visited 1 branch of the dungeon, and saw 3 of its levels.

You collected 139 gold pieces.

Inventory:

Hand Weapons
 a - a +0 long sword (weapon)
 n - a +1 short sword of speed
Missiles
 d - 3 throwing nets (quivered)
 l - 108 bolts
 o - 12 poisoned darts
Armour
 b - a +0 leather armour (worn)
 c - a +0 helmet
 m - a +2 hat (worn)
Wands
 t - a wand of polymorph (12)
 v - a wand of flame (25)
Scrolls
 e - 4 scrolls of teleportation {unknown}
 g - a scroll of amnesia {unknown}
 h - 6 scrolls of identify {unknown}
 u - a scroll of enchant weapon {unknown}
Potions
 i - a potion of berserk rage {unknown}
 j - a potion of ambrosia
 k - 2 potions of heal wounds {unknown}
 p - a potion of curing {unknown}
 q - a potion of lignification {unknown}
 s - 3 potions of might {unknown}
Comestibles
 f - 4 rations
 r - 2 chunks of flesh


   Skills:
 + Level 6.2(5.9) Fighting
 * Level 3.3(3.0) Long Blades
 - Level 1.7(1.5) Throwing
 - Level 3.0(2.7) Dodging


You had 5 spell levels left.
You didn't know any spells.
Your spell library was empty.

Dungeon Overview and Level Annotations

Branches:
Dungeon (3/15)

Altars:

Annotations:
D:3 Crazy Yiuf


Innate Abilities, Weirdness & Mutations

You have sharp toenails.
You are partially covered in large bone plates. (SH +4)
You are immune to rotting.


Message History

Crazy Yiuf is almost dead.
Crazy Yiuf hits you with a +2 quarterstaff of chaos!
You feel agile all of a sudden.
Crazy Yiuf hits you with a +2 quarterstaff of chaos.
* * * LOW HITPOINT WARNING * * *
You feel drained.
You have turned to stone.
Crazy Yiuf hits you with a +2 quarterstaff of chaos!
* * * LOW HITPOINT WARNING * * *
Crazy Yiuf burns you.
* * * LOW HITPOINT WARNING * * *
Crazy Yiuf hits you with a +2 quarterstaff of chaos!
* * * LOW HITPOINT WARNING * * *
Crazy Yiuf freezes you.
* * * LOW HITPOINT WARNING * * *
Crazy Yiuf hits you with a +2 quarterstaff of chaos.
* * * LOW HITPOINT WARNING * * *
Crazy Yiuf burns you. Crazy Yiuf hits you but does no damage.
Crazy Yiuf hits you with a +2 quarterstaff of chaos.
You die...

##### #)..# #######
#...# #...#.. ...
####...#.. #g#
#......... ♣@♣♣
#.##...### ♣♣.♣
#....... ♣.♣♣
#.###### ♣♣.♣
#...)... ♣♣.♣♣
######## ♣♣...♣
....... ♣.♣..♣
############ #....#
#..<........
##..###############


You could see Crazy Yiuf.

Vanquished Creatures
  Sigmund (D:2)
  An iguana (D:2)
  Robin (D:2)
  4 adders
  4 dart slugs
  A worm (D:2)
  2 leopard geckos (D:2)
  7 orcs (D:3)
  5 giant cockroaches
  20 goblins
  6 hobgoblins
  6 jackals
  A ball python (D:3)
  12 bats
  8 frilled lizards
  2 kobolds
  6 rats
87 creatures vanquished.

Notes
Turn   | Place    | Note
-------+----------+-------------------------------------------
     0 | D:1      | Kohma the Demonspawn Gladiator began the quest for the Orb.
     0 | D:1      | Reached XP level 1. HP: 16/16 MP: 1/1
    87 | D:1      | Gained mutation: You are partially covered in large bone
                  | plates. (SH +4) [demonic ancestry]
    87 | D:1      | Reached XP level 2. HP: 22/22 MP: 2/2
   358 | D:1      | Reached XP level 3. HP: 17/28 MP: 3/3
   359 | D:1      | Reached skill level 3 in Fighting
  1038 | D:2      | Reached skill level 4 in Fighting
  1038 | D:2      | Gained mutation: You have sharp toenails. [demonic
                  | ancestry]
  1038 | D:2      | Reached XP level 4. HP: 11/37 MP: 4/4
  1282 | D:2      | Noticed Robin
  1318 | D:2      | Killed Robin
  1850 | D:2      | Noticed Sigmund
  2020 | D:2      | Killed Sigmund
  2020 | D:2      | Reached skill level 6 in Fighting
  2020 | D:2      | Gained mutation: You are immune to rotting. [demonic
                  | ancestry]
  2020 | D:2      | Reached XP level 5. HP: 26/46 MP: 5/5
  2020 | D:2      | Reached XP level 6. HP: 29/52 MP: 6/6
  3030 | D:3      | Found a runed translucent door.
  3031 | D:3      | Noticed Crazy Yiuf
  3044 | D:3      | HP: 2/52 [Crazy Yiuf/+2 quarterstaff of chaos (2)]
  3046 | D:3      | Slain by Crazy Yiuf

Levels and vault maps discovered:
D:1:      dpeg_arrival_rooms_a, layout_basic, serial_bayou_lagoon_a,
          minmay_pentomino_z2
D:2:      layout_basic, uniq_robin, uniq_sigmund
D:3:      layout_basic, uniq_crazy_yiuf_cottage

Skill      XL: |  1  2  3  4 |
---------------+-------------+-----
Dodging        | 3 |  3.0
Long Blades    | 3 |  3.3
Fighting       | 4 6 |  6.2
Throwing       | |  1.7

Action                   |  1- 3 |  4- 6 || total
-------------------------+-------+-------++-------
Melee: Long sword        |    90 |   131 ||   221
       Kick              |       |    42 ||    42
  Use: Potion            |       |     1 ||     1
 Stab: Sleeping          |       |     1 ||     1
  Eat: Chunk             |     1 |     6 ||     7
Armor: Leather armour    |    25 |    34 ||    59
Dodge: Dodged            |    71 |    96 ||   167
Block: Other             |    14 |    28 ||    42
       Rpst.: Long sword |    27 |    22 ||    49

Table legend:
 A = Non-vault XP
 B = Vault XP
 C = Vault XP percentage of total XP
 D = Non-vault monster count
 E = Vault monster count
 F = Vault count percentage of total count
                 A         B        C        D         E       F
            +---------+---------+-------+---------+---------+-------
      Total |     226 |     264 |  53.9 |      76 |      11 |  12.6
            +---------+---------+-------+---------+---------+-------
        D:1 |      52 |       2 |   3.7 |      29 |       1 |   3.3
        D:2 |     102 |     262 |  72.0 |      23 |      10 |  30.3
        D:3 |      72 |       0 |   0.0 |      24 |       0 |   0.0
            +---------+---------+-------+---------+---------+-------
